 Dungeon Crawl Stone Soup version 0.31.0-12-g77e489cdc1 (webtiles) character file.

Game seed: 15849388706467305432

368 Fodor the Chopper (level 6, -2/53 HPs)
             Began as a Minotaur Fighter on Feb 18, 2024.
             Was an Initiate of Gozag.
             Slain by an ogre
             ... wielding a +0 giant club
              (18 damage)
             ... on level 4 of the Dungeon.
             The game lasted 00:16:44 (3317 turns).

Fodor the Chopper (Minotaur Fighter)                Turns: 3317, Time: 00:16:44

Health: -2/53      AC: 13    Str: 23    XL:     6   Next: 41%
Magic:  5/5        EV:  7    Int: 11    God:    Gozag
Gold:   325        SH:  4    Dex:  9    Spells: 5/5 levels left

rFire   . . .        a - +0 war axe
rCold   . . .        c - +0 buckler
rNeg    . . .        j - +0 plate armour
rPois   .            (helmet restricted)
rElec   .            l - +0 cloak
rCorr   +            (no gloves)
SInv    .            (no boots)
Will    .....        (no amulet) Stlth
                     w - ring of resist corrosion
HPRegen 0.28/turn    x - +6 ring of intelligence
MPRegen 0.09/turn

%: no passive effects
@: no status effects
A: horns 2, retaliatory headbutt
a: Renounce Religion, Potion Petition, Call Merchant, Bribe Branch


You were on level 4 of the Dungeon.
You worshipped Gozag.
Gozag was aware of your devotion.
You visited 1 branch of the dungeon, and saw 4 of its levels.

You collected 435 gold pieces.
You paid 110 gold pieces to Gozag.

Inventory:

Hand Weapons
 a - a +0 war axe (weapon)
Missiles
 v - 3 boomerangs (quivered)
Armour
 c - a +0 buckler (worn)
 j - a +0 plate armour (worn)
 l - a +0 cloak (worn)
Jewellery
 w - a ring of resist corrosion (left hand)
 x - a +6 ring of intelligence (right hand)
Talismans
 k - a beast talisman
Wands
 t - a wand of light (10)
Scrolls
 f - 3 scrolls of identify {unknown}
 i - 2 scrolls of fog {unknown}
 m - 2 scrolls of revelation {unknown}
 n - a scroll of silence {unknown}
 o - a scroll of enchant weapon {unknown}
 p - a scroll of amnesia {unknown}
 q - 2 scrolls of teleportation {unknown}
 r - 2 scrolls of torment {unknown}
 s - a scroll of noise {unknown}
Potions
 b - a potion of berserk rage {unknown}
 d - 2 potions of might
 e - a potion of resistance {unknown}
 g - 2 potions of enlightenment {unknown}
 h - a potion of curing {unknown}
 u - 2 potions of heal wounds {unknown}


   Skills:
 + Level 4.6 Fighting
 + Level 5.6 Axes
 + Level 5.5 Armour
 + Level 1.7 Dodging
 + Level 4.2 Shields


You had 5 spell levels left.
You didn't know any spells.
Your spell library contained the following spells:

 Spells                   Type           Power      Damage    Failure   Level
 Kiss of Death            Conj/Necr      0%         2d5       100%        1
 Ensorcelled Hibernation  Hex/Ice        0%         N/A       100%        2
 Sublimation of Blood     Necr           0%         N/A       100%        2
 Confusing Touch          Hex            0%         N/A       100%        3
 Passwall                 Erth           0%         N/A       100%        3
 Swiftness                Air            0%         N/A       100%        3
 Dispel Undead            Necr           0%         3d6       100%        4
 Petrify                  Alch/Erth      0%         N/A       100%        4
 Irradiate                Conj/Alch      0%         3d11      100%        5


Dungeon Overview and Level Annotations

Branches:
Dungeon (4/15)
 Temple: D:4-7

Altars:
Gozag


Innate Abilities, Weirdness & Mutations

You have a pair of horns on your head.
You reflexively headbutt those who attack you in melee.


Message History

You now have 325 gold pieces (gained 5).
You feel sick.
You feel sick.
You feel sick.
You feel sick.
You are no longer poisoned.
You open the door.
There is an open door here.
There is an open door here.
As you open the door, it creaks loudly!
An ogre comes into view. It is wielding a +0 giant club.
You hit the ogre.
The ogre is lightly wounded.
You block the ogre's attack.
You completely miss the ogre.
The ogre is lightly wounded.
You block the ogre's attack.
You barely miss the ogre.
The ogre is lightly wounded.
The ogre hits you but does no damage.
You barely miss the ogre. You headbutt the ogre!
The ogre is moderately wounded.
The ogre hits you with a +0 giant club.
You barely miss the ogre.
The ogre is moderately wounded.
You hit the ogre.
The ogre is heavily wounded.
The ogre hits you with a +0 giant club!!
* * * LOW HITPOINT WARNING * * *
You hit the ogre.
The ogre is heavily wounded.
You block the ogre's attack.
You slash the ogre!
The ogre is almost dead.
You block the ogre's attack.
You hit the ogre but do no damage. Your headbutt misses the ogre.
The ogre is almost dead.
The ogre hits you with a +0 giant club!!
You die...
Your body crumbles into a pile of gold.

#....##....##...###..#....#....
#....########...######....#....
#######.......)..%...#....#....
#...............'....#....
##..####...######....#....
##..####...## #....#....
#...........# #....#....
#...........# #....#....
##+#####.@### #....'....
#......##O# #....#(...
#......#... #....#....
#......#...# #..(.#....
#######......#####+####....#....
#......#'###...............#....
#......+...#.......).)._..>#....
#......#.[.#..............#####'
#......#...#......>....'..#.....


You could see an ogre.

Vanquished Creatures
  2 scorpions
  3 iguanas (D:4)
  An orc wizard (D:3)
  6 adders
  2 orcs (D:3)
  7 ball pythons
  2 bats
  6 endoplasms
  3 giant cockroaches
  10 goblins
  15 hobgoblins
  10 jackals
  7 kobolds
  5 quokkas
  3 frilled lizards
  6 rats
88 creatures vanquished.

Notes
Turn   | Place    | Note
-------+----------+-------------------------------------------
     0 | D:1      | Fodor the Minotaur Fighter began the quest for the Orb.
     0 | D:1      | Reached XP level 1. HP: 19/19 MP: 0/0
   136 | D:1      | Reached XP level 2. HP: 25/27 MP: 1/1
   281 | D:1      | Reached XP level 3. HP: 30/33 MP: 2/2
  1387 | D:2      | Reached XP level 4. HP: 40/40 MP: 3/3
  2191 | D:3      | Noticed a scorpion
  2200 | D:3      | Killed a scorpion
  2201 | D:3      | Reached skill level 5 in Armour
  2201 | D:3      | Reached skill level 1 in Dodging
  2201 | D:3      | Reached XP level 5. HP: 8/39 MP: 4/4
  2658 | D:4      | Found an opulent altar of Gozag.
  2741 | D:4      | Became a worshipper of Gozag Ym Sagoz the Greedy
  2806 | D:4      | Reached skill level 5 in Axes
  2806 | D:4      | Reached XP level 6. HP: 50/51 MP: 5/5
  3317 | D:4      | Slain by an ogre

Illustrated notes

Levels and vault maps discovered:
D:1:      dpeg_arrival_morbid_curiosity, layout_loops_ring, minmay_vboxes
D:2:      layout_rooms
D:3:      minmay_bubble_buster, layout_basic
D:4:      layout_gridville, nicolae_gozag_seed_capital, grunt_ministairs_12,
          saegor_snake_ambush

Skill      XL: |  1  2  3  4  5 |
---------------+----------------+-----
Armour         | 4 5 |  5.5
Fighting       | 4 |  4.6
Shields        | 4 |  4.2
Axes           | 3 4 5 |  5.6
Dodging        | 1 |  1.7

Action                     |  1- 3 |  4- 6 || total
---------------------------+-------+-------++-------
  Melee: War axe           |    96 |   115 ||   211
         Headbutt          |    13 |    16 ||    29
 Armour: Scale mail        |    30 |       ||    30
         Plate armour      |    49 |   114 ||   163
  Dodge: Dodged            |    47 |    38 ||    85
  Block: Buckler           |    32 |    30 ||    62
